 Dungeon Crawl Stone Soup version 0.30-a0-629-gd54f4be4f7 (webtiles) character file.

Game seed: 8530866612128258971

399 porpoise the Firebug (level 6, -1/44 HPs)
             Began as a Gnoll Fire Elementalist on Jan 13, 2023.
             Slain by Pikel
             ... wielding a +0 whip of freezing
              (8 damage)
             ... on level 4 of the Dungeon.
             The game lasted 00:12:06 (3586 turns).

porpoise the Firebug (Gnoll Fire Elementalist)      Turns: 3586, Time: 00:12:06

Health: -1/44      AC:  3    Str: 13    XL:     6   Next: 84%
Magic:  0/14       EV: 18    Int: 17    God:
Gold:   189        SH:  0    Dex: 12    Spells: 12/16 levels left

rFire   . . .      SeeInvis .    a - +5 morningstar
rCold   . . .      Faith    .    (no shield)
rNeg    . . .      Spirit   .    q - +0 leather armour
rPois   .          Reflect  .    (no helmet)
rElec   .          Harm     .    (no cloak)
rCorr   .          Rampage  .    (no gloves)
Will    .....                    (no boots)
Stlth   ++                       (no amulet)
HPRegen 0.27/turn                f - +5 ring of evasion
MPRegen 0.14/turn                x - +6 ring of strength

@: very slightly contaminated
A: fangs 1, strong nose, distributed training
a: no special abilities


You were on level 4 of the Dungeon.
You visited 1 branch of the dungeon, and saw 4 of its levels.

You collected 189 gold pieces.

Inventory:

Hand Weapons
 a - a +5 morningstar (weapon)
 b - a +0 sling
 t - a +0 dagger
Missiles
 p - 6 poisoned darts
Armour
 q - a +0 leather armour (worn)
 w - a +0 ring mail
Magical Staves
 v - a staff of earth
Jewellery
 f - a +5 ring of evasion (left hand)
 j - a ring of ice
 x - a +6 ring of strength (right hand)
Scrolls
 d - a scroll of enchant weapon {unknown}
 i - a scroll of acquirement {unknown}
 k - a scroll of teleportation
 l - a scroll of noise
 n - a scroll of fog {unknown}
 o - a scroll of poison
 r - 2 scrolls of vulnerability
 s - a scroll of amnesia {unknown}
Potions
 c - 2 potions of brilliance {unknown}
 e - 2 potions of curing
 g - 4 potions of attraction {unknown}
 h - 2 potions of heal wounds {unknown}
 m - a potion of magic
 u - 2 potions of flight {unknown}


   Skills:
 + Level 2.2 Fighting
 + Level 2.2 Short Blades
 + Level 2.2 Long Blades
 + Level 2.2 Axes
 + Level 2.2 Maces & Flails
 + Level 2.2 Polearms
 + Level 2.2 Staves
 + Level 2.2 Ranged Weapons
 + Level 2.2 Throwing
 + Level 2.2 Armour
 + Level 5.1 Dodging
 + Level 4.7 Stealth
 + Level 2.2 Shields
 + Level 2.2 Unarmed Combat
 + Level 5.5 Spellcasting
 + Level 2.8 Conjurations
 + Level 1.8 Hexes
 + Level 1.8 Summonings
 + Level 1.8 Necromancy
 + Level 1.8 Translocations
 + Level 1.8 Transmutations
 + Level 5.7 Fire Magic
 + Level 1.8 Ice Magic
 + Level 1.8 Air Magic
 + Level 1.8 Earth Magic
 + Level 1.8 Poison Magic
 + Level 2.4 Invocations
 + Level 2.2 Evocations


You had 12 spell levels left.
You knew the following spells:

 Your Spells              Type           Power      Damage    Failure   Level
a - Foxfire               Conj/Fire      76%        2x1d7     3%          1
b - Scorch                Fire           48%        2d7       2%          2
s - Sandblast             Erth           20%        2d7       9%          1

Your spell library contained the following spells:

 Spells                   Type           Power      Damage    Failure   Level
 Inner Flame              Hex/Fire       17%        N/A       11%         3
 Cigotuvi's Dreadful Rot  Necr/Pois/Air  20%        N/A       12%         2
 Passwall                 Tmut/Erth      8%         N/A       12%         2
 Kindle Blastsparks       Fire/Tloc/Air  30%        2d12      14%         3
 Stone Arrow              Conj/Erth      24%        3d8       21%         3
 Flame Wave               Conj/Fire      19%        2d7       28%         4
 Airstrike                Air            5%         2d(1-17)  63%         4
 Dispel Undead            Necr           10%        3d9       63%         4
 Summon Lightning Spire   Summ/Air       10%        N/A       63%         4
 Lightning Bolt           Conj/Air       6%         1d18      88%         5
 Death Channel            Necr           5%         N/A       100%        6


Dungeon Overview and Level Annotations

Branches:
Dungeon (4/15)
 Temple: D:4-7

Altars:
Elyvilon
Fedhas
Okawaru

Shops:
D:1 *

Annotations:
D:3 3 runed translucent doors, Mitcholas's ghost, amateur DEHu
D:4 exclusion: upstairs, Pikel


Innate Abilities, Weirdness & Mutations

You have very sharp teeth.
Your uncanny sense of smell can sniff out nearby items.
Your experience applies equally to all skills.


Message History

Pikel is heavily wounded.
Pikel drinks a potion.
Pikel is healed!
Casting: Sandblast (safe; 9% risk of failure)
Confirm with . or Enter, or press ? or * to list all spells.
Aiming: Sandblast (safe; 9% risk of failure)
Press: ? - help, Shift-Dir - straight line, f/p - Pikel
Aim: Pikel, wielding a +0 whip of freezing, wearing a +0 robe and carrying a wand of flame (19) (moderately wounded, more vulnerable to fire, 77% to hit)
You miscast Sandblast.
You are very lightly contaminated with residual magic.
Nothing appears to happen.
Pikel is no longer more vulnerable to fire.
Pikel hits you with a +0 whip of freezing!
* * * LOW HITPOINT WARNING * * *
Pikel freezes you.
* * * LOW HITPOINT WARNING * * *
You feel better.
Pikel hits you with a +0 whip of freezing!
* * * LOW HITPOINT WARNING * * *
Pikel freezes you.
* * * LOW HITPOINT WARNING * * *
Casting: Sandblast (safe; 9% risk of failure)
Confirm with . or Enter, or press ? or * to list all spells.
You don't know that spell.
You feel better.
The lemure is no longer more vulnerable to fire.
Pikel barely misses you.
You aren't carrying any items that you can evoke.
Unknown command.
Casting: Sandblast (safe; 9% risk of failure)
Confirm with . or Enter, or press ? or * to list all spells.
Flames lash the lemure.
The lemure is severely wounded.
The lemure's fire resistance burns away.
Pikel zaps a wand.
The puff of flame hits you!
* * * LOW HITPOINT WARNING * * *
Casting: Scorch (safe; 2% risk of failure)
Confirm with . or Enter, or press ? or * to list all spells.
You conjure some foxfire!
Pikel hits you with a +0 whip of freezing!
You die...

......#
.....##
...... ∆
.... .55
#5#
#K####
#@v..#
######
####†###
#.....
#...##
#.....
###..#
#.....
##.#
#.....
#.##
#.....
#..#
#.....
##.#
###.###
#.###...#


You could see Pikel (ally target) and 3 lemures.

Vanquished Creatures
  Sigmund (D:4)
  A lemure (D:4)
  A bullfrog (D:4)
  Robin (D:4)
  7 adders
  A shadow imp (D:3)
  A worm (D:2)
  3 dart slugs
  6 orcs (D:3)
  10 endoplasms
  2 giant cockroaches (D:3)
  8 goblins
  9 hobgoblins
  5 jackals
  5 kobolds
  2 quokkas
  4 ball pythons
  4 bats
  3 frilled lizards
  2 rats
76 creatures vanquished.

Vanquished Creatures (others)
  A goblin (D:4)
  138 foxfires
139 creatures vanquished.

Grand Total: 215 creatures vanquished

Notes
Turn   | Place    | Note
-------+----------+-------------------------------------------
     0 | D:1      | porpoise the Gnoll Fire Elementalist began the quest for
                  | the Orb.
     0 | D:1      | Reached XP level 1. HP: 13/13 MP: 6/6
    90 | D:1      | Found a faded altar of an unknown god.
   174 | D:1      | Found Zeilirch's General Store.
   408 | D:1      | Reached XP level 2. HP: 19/19 MP: 5/7
   749 | D:1      | Learned a level 2 spell: Scorch
  1064 | D:2      | Reached skill level 5 in Spellcasting
  1064 | D:2      | Reached XP level 3. HP: 25/25 MP: 3/9
  1202 | D:2      | Reached skill level 1 in Invocations
  1319 | D:2      | Reached skill level 1 in Fighting
  1319 | D:2      | Reached skill level 1 in Short Blades
  1319 | D:2      | Reached skill level 1 in Long Blades
  1319 | D:2      | Reached skill level 1 in Axes
  1319 | D:2      | Reached skill level 1 in Maces & Flails
  1319 | D:2      | Reached skill level 1 in Polearms
  1319 | D:2      | Reached skill level 1 in Staves
  1319 | D:2      | Reached skill level 1 in Ranged Weapons
  1319 | D:2      | Reached skill level 1 in Throwing
  1319 | D:2      | Reached skill level 1 in Armour
  1319 | D:2      | Reached skill level 1 in Shields
  1319 | D:2      | Reached skill level 1 in Unarmed Combat
  1319 | D:2      | Reached skill level 1 in Evocations
  1407 | D:2      | Reached XP level 4. HP: 32/32 MP: 7/11
  2018 | D:3      | Found a runed translucent gate.
  2021 | D:3      | Noticed Mitcholas's ghost (amateur DEHu)
  2022 | D:3      | Found a runed translucent gate.
  2022 | D:3      | Found a runed translucent gate.
  2037 | D:3      | Learned a level 1 spell: Sandblast
  2081 | D:3      | Reached skill level 1 in Hexes
  2081 | D:3      | Reached skill level 1 in Summonings
  2081 | D:3      | Reached skill level 1 in Necromancy
  2081 | D:3      | Reached skill level 1 in Translocations
  2081 | D:3      | Reached skill level 1 in Transmutations
  2081 | D:3      | Reached skill level 1 in Ice Magic
  2081 | D:3      | Reached skill level 1 in Air Magic
  2081 | D:3      | Reached skill level 1 in Earth Magic
  2081 | D:3      | Reached skill level 1 in Poison Magic
  2138 | D:3      | Found a large runed translucent door.
  2139 | D:3      | Found a large runed translucent door.
  2372 | D:3      | Found a blossoming altar of Fedhas.
  2377 | D:3      | Found a white marble altar of Elyvilon.
  2578 | D:3      | Found an iron altar of Okawaru.
  2675 | D:3      | Reached XP level 5. HP: 36/37 MP: 12/12
  2838 | D:4      | Noticed Sigmund
  2848 | D:4      | Killed Sigmund
  2849 | D:4      | Reached skill level 5 in Dodging
  2849 | D:4      | Reached XP level 6. HP: 29/44 MP: 0/14
  3338 | D:4      | Noticed Robin
  3361 | D:4      | Killed Robin
  3571 | D:4      | Noticed Pikel
  3586 | D:4      | Slain by Pikel

Illustrated notes

Levels and vault maps discovered:
D:1:      lemuel_arrival_muddy, layout_loops_corners,
          chequers_ecumenical_altar_simple, serial_shops, nicolae_shop_stone
D:2:      layout_basic
D:3:      minmay_angry_zag, layout_basic, okawaru_trees_2,
          jmf_multi_god_temple2, gammafunk_ghost_split
D:4:      layout_basic, kennysheep_generic_room_6, uniq_pikel, uniq_sigmund,
          uniq_robin

Skill      XL: |  1  2  3  4  5 |
---------------+----------------+-----
Conjurations   | 2 |  2.8
Spellcasting   | 5 |  5.5
Invocations    | 1 2 |  2.4
Fighting       | 1 2 |  2.2
Short Blades   | 1 2 |  2.2
Long Blades    | 1 2 |  2.2
Axes           | 1 2 |  2.2
Maces & Flails | 1 2 |  2.2
Polearms       | 1 2 |  2.2
Staves         | 1 2 |  2.2
Ranged Weapons | 1 2 |  2.2
Throwing       | 1 2 |  2.2
Armour         | 1 2 |  2.2
Shields        | 1 2 |  2.2
Unarmed Combat | 1 2 |  2.2
Evocations     | 1 2 |  2.2
Hexes          | 1 |  1.8
Summonings     | 1 |  1.8
Necromancy     | 1 |  1.8
Translocations | 1 |  1.8
Transmutations | 1 |  1.8
Ice Magic      | 1 |  1.8
Air Magic      | 1 |  1.8
Earth Magic    | 1 |  1.8
Poison Magic   | 1 |  1.8
Dodging        | 5 |  5.1
Stealth        | |  4.7
Fire Magic     | |  5.7

Action                   |  1- 3 |  4- 6 || total
-------------------------+-------+-------++-------
Melee: Unarmed           |     2 |       ||     2
       Dagger            |     6 |       ||     6
       Morningstar       |       |    67 ||    67
       Bite              |       |     5 ||     5
       Punch             |       |     1 ||     1
 Cast: Foxfire           |    38 |    43 ||    81
       Scorch            |     1 |    11 ||    12
       Sandblast         |       |    12 ||    12
  Use: Scroll            |       |     4 ||     4
       Potion            |       |     2 ||     2
 Stab: Sleeping          |       |     2 ||     2
Armor: Robe              |     1 |       ||     1
       Leather armour    |       |    17 ||    17
Dodge: Dodged            |    18 |    98 ||   116

Table legend: (Time is in decaauts)
 A = Elapsed time spent in this place.
 B = Non-inter-level travel time spent in this place.
 C = Inter-level travel time spent in this place.
 D = Time resting spent in this place.
 E = Time spent auto-exploring this place.
 F = Levels seen in this place.
 G = Mean time per level.
                   A        B        C        D        E       F      G
               +--------+--------+--------+--------+--------+-----+--------+
         Total |   3618 |   3447 |    171 |    669 |   2117 |   4 |  904.5 |
       Dungeon |   3618 |   3447 |    171 |    669 |   2117 |   4 |  904.5 |
               +--------+--------+--------+--------+--------+-----+--------+

Top non-repeatable levels by time:
     D:1: 1056 daAuts
     D:3: 933 daAuts
     D:4: 816 daAuts
     D:2: 812 daAuts
